Map: Solaris LE

Players

NAVISpirit (souL)

  • Race: Terran Terran
  • League: Master
  • Spawn Location: 1:00

ShoWTimE - Winner!

  • Race: Protoss Protoss
  • League: Master
  • Spawn Location: 7:00

VOD

Have the link to the VOD?

Description

Time

  • Played on: Dec. 28, 2023, 7:17 a.m.
  • Length: 25:14
Show
View Real Time Build Order
Export as new Build Order

NAVISpirit Terran 

Build Orders: Cyclone Opening, Reaper Expand 

Get SALT Encoding   

  12  0:00  SCV  
  13  0:12  SCV  
  14  0:17  Supply Depot  
  14  0:25  SCV  
  15  0:38  SCV  
  15  0:40  Barracks  
  16  0:44  Refinery  
  16  0:50  SCV  
  17  1:03  SCV  
  18  1:15  SCV  
  19  1:27  Orbital Command, Reaper  
  20  1:42  Command Center  
  20  1:51  Bunker  
  20  1:54  SCV  
  21  2:05  Factory  
  21  2:08  SCV  
  22  2:13  Supply Depot  
  22  2:20  SCV  
  23  2:30  Barracks  
  23  2:35  SCV  
  24  2:39  Barracks Reactor  
  24  2:40  Barracks  
  24  2:47  SCV  
  25  2:55  Orbital Command  
  25  2:59  Cyclone  
  25  3:03  SCV  
  28  3:13  Refinery  
  28  3:15  SCV  
  28  3:16  Bunker  
  28  3:17  Marine  
  30  3:21  Marine  
  30  3:24  Orbital Command  
  30  3:26  Marine  
  32  3:32  Marine  
  33  3:36  SCV  
  33  3:37  Factory Tech Lab  
  33  3:39  Marine  
  33  3:40  Marine  
  35  3:46  Supply Depot  
  35  3:48  SCV  
  36  3:50  SCV  
  36  3:53  Barracks Tech Lab  
  37  3:55  Marine  
  37  3:58  Siege Tank  
  37  4:00  SCV, Marine  
  43  4:07  Supply Depot  
  43  4:08  Marine  
  45  4:12  SCV, Stimpack  
  45  4:23  SCV  
  46  4:24  SCV  
  46  4:29  Engineering Bay  
  47  4:32  Siege Tank  
  47  4:35  SCV  
  51  4:39  Marine  
  51  4:41  SCV  
  51  4:42  Marine  
  51  4:43  Marauder  
  51  4:45  Marine  
  56  4:46  Supply Depot  
  56  4:47  SCV  
  58  4:53  SCV  
  58  4:57  Marine  
  58  4:58  Supply Depot  
  58  4:59  SCV  
  61  5:05  SCV  
  61  5:06  Supply Depot  
  62  5:11  SCV  
  63  5:15  Starport  
  63  5:17  SCV, Refinery  
  63  5:18  Combat Shield  
  63  5:19  Supply Depot, Factory Reactor  
  63  5:21  Marine  
  65  5:23  Marine  
  65  5:24  SCV  
  65  5:26  Marine, Marauder  
  70  5:31  SCV  
  70  5:34  Supply Depot  
  71  5:36  SCV  
  71  5:38  Marine  
  71  5:42  Supply Depot  
  73  5:43  SCV  
  73  5:44  Marauder  
  73  5:45  Marine  
  73  5:48  Terran Infantry Weapons Level 1, Marauder  
  77  5:50  SCV  
  77  5:53  Refinery  
  77  5:56  Marine  
  79  5:57  SCV  
  79  6:01  Medivac  
  79  6:02  SCV  
  82  6:06  Marauder  
  82  6:11  Marine, Marauder  
  85  6:13  SCV  
  85  6:16  Supply Depot  
  85  6:18  Medivac  
  86  6:19  Marine  
  86  6:24  Factory Reactor  
  87  6:27  Marauder  
  87  6:29  Marine  
  87  6:32  Command Center  
  92  6:33  Marauder  
  92  6:41  Medivac  
  92  6:43  Marine  
  92  6:46  SCV x2  
  97  6:48  Marauder  
  97  6:52  Marine  
  93  6:54  Marauder  
  93  6:58  SCV  
  93  6:59  SCV  
  94  7:02  Medivac  
  94  7:04  Marine, Barracks x2  
  94  7:06  Widow Mine  
  94  7:07  Widow Mine  
  101  7:10  SCV, Marauder  
  101  7:12  SCV  
  101  7:14  Supply Depot  
  107  7:15  Marauder  
  107  7:17  Supply Depot  
  107  7:19  Marine  
  109  7:22  SCV  
  109  7:24  SCV  
  109  7:26  Concussive Shells  
  109  7:28  Ghost Academy  
  110  7:30  Widow Mine x2  
  110  7:31  Marauder  
  116  7:38  Medivac  
  116  7:42  SCV  
  116  7:43  SCV, Terran Infantry Armor Level 1  
  116  7:44  Marine, Marauder  
  121  7:51  Armory  
  121  7:52  Widow Mine x2  
  121  7:54  Marauder  
  121  7:55  Barracks Tech Lab  
  121  7:57  Orbital Command  
  127  8:02  Barracks Reactor  
  127  8:04  SCV, Marine  
  129  8:06  Marauder  
  129  8:10  Marine  
  130  8:14  SCV  
  130  8:15  Marauder, Bunker  
  130  8:19  Widow Mine x2  
  137  8:21  Marauder  
  137  8:22  Marine  
  137  8:26  Refinery  
  142  8:27  Medivac  
  142  8:30  Marine  
  142  8:31  Marauder  
  142  8:33  SCV  
  145  8:36  Marauder  
  145  8:37  SCV  
  145  8:38  Marine  
  149  8:53  Command Center  
  149  8:59  Refinery  
  149  9:05  Marauder  
  149  9:09  Engineering Bay  
  149  9:14  Supply Depot  
  149  9:15  Marine  
  149  9:16  Supply Depot, SCV, Marine x2  
  149  9:18  SCV, Marine  
  149  9:21  Widow Mine  
  148  9:25  Widow Mine  
  148  9:26  Marine  
  148  9:28  Orbital Command, SCV, Marauder x2  
  149  9:33  SCV  
  149  9:35  Marine x2  
  147  9:40  SCV  
  147  9:42  Widow Mine  
  147  9:44  Marauder  
  147  9:45  SCV  
  140  9:46  Widow Mine  
  140  9:49  Marine, Ghost  
  140  9:50  Marine, Marauder  
  140  9:52  SCV  
  140  9:53  Marine  
  140  9:57  SCV, Marine  
  136  10:00  Medivac x2  
  136  10:06  Marauder  
  142  10:07  Marine  
  142  10:08  Marine  
  142  10:09  SCV x2  
  142  10:10  SCV  
  142  10:11  Marine, Marauder  
  150  10:15  Marine  
  150  10:18  Marine  
  149  10:21  SCV  
  149  10:23  SCV  
  149  10:25  Marine  
  149  10:26  Marine, Ghost  
  149  10:28  SCV  
  155  10:29  Marine  
  155  10:30  Medivac  
  155  10:32  Ghost  
  155  10:33  SCV, Marine  
  162  10:36  Marine  
  162  10:37  Refinery  
  162  10:43  Marine  
  162  10:44  Refinery  
  162  10:46  Refinery, Terran Infantry Weapons Level 2  
  162  10:49  Viking  
  161  10:54  Marine, Marauder  
  161  10:56  Planetary Fortress  
  158  10:57  Marine  
  158  10:59  Marine  
  158  11:00  Viking  
  158  11:03  Terran Infantry Armor Level 2  
  162  11:06  SCV  
  162  11:09  SCV x2  
  162  11:11  Sensor Tower  
  163  11:14  Marauder x2  
  163  11:18  SCV, Terran Ship Weapons Level 1  
  167  11:21  SCV x2  
  167  11:23  Missile Turret  
  170  11:26  Missile Turret  
  170  11:27  Marine  
  170  11:28  Ghost, Refinery  
  170  11:30  SCV  
  170  11:32  Viking  
  176  11:37  Bunker  
  176  11:47  Marauder  
  176  11:50  Starport, Marine  
  179  11:54  Command Center  
  179  12:00  Supply Depot  
  179  12:02  Supply Depot, Missile Turret  
  179  12:04  Marine  
  180  12:20  Barracks x2  
  180  12:21  Barracks  
  180  12:22  Widow Mine x2, Viking x2  
  188  12:23  Marine  
  188  12:24  Marauder  
  188  12:28  Marine  
  191  12:30  Starport Reactor  
  191  12:35  Supply Depot  
  191  12:36  Fusion Core, Command Center  
  189  12:38  Marine  
  189  12:43  Marine  
  189  12:44  Ghost, Widow Mine  
  191  12:51  Ghost x2  
  191  12:55  Medivac  
  191  12:56  Supply Depot  
  191  12:57  Viking  
  197  13:05  Missile Turret, Terran Infantry Weapons Level 3  
  197  13:08  Sensor Tower  
  197  13:11  Marine  
  198  13:12  Barracks Tech Lab  
  198  13:13  Barracks Tech Lab, Marauder  
  198  13:18  Missile Turret  
  200  13:20  Terran Ship Weapons Level 2  
  200  13:21  Planetary Fortress  
  200  13:25  Barracks Tech Lab, Advanced Ballistics  
  199  13:49  Marine  
  199  13:54  Marine  
  199  13:55  Marauder  
  197  13:57  Marine, Ghost  
  197  13:58  Marauder  
  197  14:02  Marine, Marauder  
  197  14:07  Marine  
  197  14:08  Marauder x2  
  197  14:12  Viking x2  
  197  14:17  Ghost  
  197  14:18  Marine  
  200  14:25  Terran Infantry Armor Level 3  
  200  14:26  Command Center  
  200  14:27  Command Center  
  200  14:32  Personal Cloaking  
  200  14:37  Missile Turret  
  198  14:38  Sensor Tower  
  198  14:47  Planetary Fortress  
  198  14:50  Unknown  
  198  14:57  Missile Turret  
  198  14:59  Missile Turret  
  195  15:21  Starport x2  
  195  15:36  Terran Vehicle And Ship Armor Level 1  
  195  15:38  Liberator  
  195  15:42  Neosteel Armor  
  198  15:43  Orbital Command, Command Center  
  198  15:45  Command Center  
  196  15:53  Liberator  
  196  15:55  Liberator  
  196  15:56  Marine, Marauder  
  168  15:57  Marine  
  168  15:58  Nuke  
  168  15:59  Marine, Marauder x2  
  168  16:01  Marine  
  168  16:03  Marine, Marauder  
  144  16:05  Liberator, Marauder  
  130  16:13  Marine  
  130  16:15  Marine  
  130  16:16  Liberator  
  130  16:17  Marine, Ghost, Liberator  
  138  16:18  Marine  
  138  16:19  Planetary Fortress  
  138  16:20  Ghost x3  
  138  16:24  Liberator, Ghost  
  150  16:26  Ghost  
  150  16:31  Marine  
  153  16:33  Marine  
  153  16:35  Marine  
  153  16:36  Liberator  
  151  16:40  Medivac  
  151  16:41  Marine  
  151  16:45  Ghost  
  145  16:48  Ghost, Medivac  
  145  16:49  Marine, Ghost, Marauder  
  145  16:53  Marauder  
  153  16:55  Marauder  
  153  16:59  Medivac  
  153  17:00  SCV x6, Medivac  
  165  17:03  Orbital Command  
  165  17:11  Marauder  
  165  17:14  Ghost  
  165  17:15  Ghost  
  169  17:17  Ghost  
  169  17:18  Liberator  
  169  17:21  Ghost x2  
  169  17:22  Hi-Sec Auto Tracking  
  179  17:23  Marine  
  179  17:26  Marine  
  175  17:31  Marine  
  175  17:32  Marauder  
  175  17:35  Marine  
  176  17:38  Liberator  
  176  17:41  Marine  
  176  17:42  Liberator  
  176  17:43  Marauder  
  185  17:44  Marine, Marauder  
  185  17:46  Marauder  
  185  17:50  Marine, Marauder x2  
  192  17:53  Marine  
  192  17:54  SCV x2, Marauder  
  192  17:56  Liberator  
  200  18:01  Liberator  
  197  18:16  Marine  
  197  18:18  Marine  
  197  18:19  Marauder  
  191  18:20  Marine  
  191  18:21  Marauder  
  191  18:28  Liberator x2, Marine  
  191  18:29  Marauder  
  191  18:33  Marine  
  191  18:34  Marauder  
  191  18:36  Marine  
  191  18:38  Marine  
  191  18:39  Marine, Marauder  
  191  18:41  Marine  
  186  18:42  Marine  
  186  18:46  Marine  
  174  18:50  Marauder  
  174  18:51  Marauder  
  174  18:54  Marine  
  174  18:55  Marine, Marauder  
  181  18:57  Planetary Fortress, Marine  
  181  18:58  SCV  
  181  18:59  SCV x2, Marauder  
  181  19:00  SCV, Marauder  
  181  19:01  Marauder  
  181  19:02  SCV  
  191  19:03  SCV  
  190  19:11  Marauder  
  190  19:13  Marine  
  190  19:14  Marauder  
  190  19:15  Marine  
  190  19:16  Marine, Marauder  
  195  19:17  Marine  
  195  19:21  Marauder x2  
  195  19:23  Marauder  
  194  19:25  SCV  
  194  19:26  SCV  
  196  19:31  Marine  
  196  19:33  Marauder  
  196  19:36  Marine  
  200  19:51  SCV  
  184  19:53  Marine, Marauder x5  
  184  19:54  Marauder  
  184  19:57  Marine  
  184  19:59  Marine  
  191  20:01  Medivac x3  
  191  20:12  Marine, Medivac x2  
  165  20:14  Marauder x2  
  165  20:15  Marauder  
  165  20:17  Marine, Ghost  
  165  20:18  Ghost, Marauder  
  165  20:19  Marine  
  164  20:26  Marine  
  163  20:35  Ghost  
  162  20:36  Marauder x2  
  162  20:39  Marauder  
  165  20:48  Orbital Command  
  160  20:51  Marine  
  158  21:04  Marine x3  
  159  21:05  Marine, Marauder  
  159  21:08  SCV  
  165  21:12  SCV  
  165  21:16  Marauder  
  168  21:18  SCV  
  168  21:19  SCV  
  168  21:24  Marine, Marauder  
  171  21:33  Marine, Marauder  
  171  21:36  Marine  
  171  21:39  Marine  
  173  21:40  Marauder  
  173  21:46  Marine, Marauder  
  171  21:47  Marine, Marauder, Liberator  
  171  21:48  Marine  
  171  21:51  Marine  
  171  21:53  Marine  
  179  21:55  Marauder  
  174  22:01  Marauder  
  174  22:04  Ghost  
  151  22:09  Ghost  
  146  22:27  Orbital Command  
  146  22:39  Marine x7, Medivac  
  146  22:40  Marine x2  
  146  22:42  Marauder  
  159  22:45  Refinery  
  159  22:48  Refinery  
  159  22:57  Marine x2  
  159  22:58  Marauder  
  157  23:01  Marine  
  157  23:02  Marine  
  157  23:03  Marine, Marauder  
  158  23:06  SCV  
  158  23:07  SCV  
  158  23:11  Marine  
  158  23:19  Marine, Marauder  
  149  23:21  Medivac  
  149  23:25  Marine  
  149  23:26  Marauder  
  153  23:33  Marine  
  153  23:34  Marauder x2  
  111  23:36  Medivac  
  111  23:37  Marine x2  
  74  23:44  Marine x3  
  65  23:51  Medivac  
  65  23:53  Marine x2  
  69  23:59  Marine x2  
  69  24:00  Marauder  
  69  24:01  Marine  
  70  24:05  Marauder  
  72  24:11  Ghost  
  72  24:13  Marine  
  57  24:26  Ghost  
Show
View Real Time Build Order
Export as new Build Order

ShoWTimE Protoss - Winner!

Build Orders: 1 Gate Expand, Blink Stalkers 

Get SALT Encoding   

  12  0:00  Probe  
  13  0:12  Probe  
  14  0:17  Pylon  
  14  0:24  Probe (Chrono Boost)  
  15  0:35  Gateway  
  15  0:36  Probe (Chrono Boost)  
  16  0:44  Probe (Chrono Boost)  
  16  0:45  Assimilator  
  17  0:51  Probe  
  18  1:03  Probe  
  19  1:15  Probe  
  20  1:22  Cybernetics Core  
  20  1:30  Nexus  
  20  1:33  Probe  
  21  1:41  Pylon  
  21  1:45  Probe  
  22  1:50  Assimilator  
  22  1:57  Stalker (Chrono Boost)  
  24  2:04  Shield Battery  
  24  2:06  Warp Gate (Chrono Boost)  
  24  2:07  Probe  
  25  2:17  Stalker (Chrono Boost)  
  27  2:23  Probe  
  27  2:28  Pylon  
  28  2:35  Probe  
  29  2:40  Stalker  
  31  2:45  Probe  
  31  2:47  Probe  
  33  2:55  Gateway  
  33  2:57  Probe  
  34  3:00  Probe  
  35  3:09  Probe  
  37  3:12  Probe  
  37  3:19  Twilight Council  
  37  3:21  Probe  
  37  3:25  Probe  
  38  3:35  Probe  
  38  3:40  Stalker  
  41  3:42  Probe  
  41  3:47  Blink (Chrono Boost), Probe  
  43  3:48  Stalker  
  43  3:54  Probe  
  46  3:59  Probe  
  47  4:06  Probe  
  47  4:09  Sentry  
  50  4:11  Probe  
  50  4:14  Pylon  
  51  4:22  Nexus  
  51  4:23  Probe  
  51  4:24  Probe  
  51  4:28  Robotics Facility  
  51  4:31  Shield Battery  
  51  4:34  Assimilator, Phoenix  
  51  4:35  Probe  
  51  4:36  Probe  
  53  4:42  Stalker  
  53  4:43  Stalker  
  57  4:49  Pylon, Probe  
  57  4:50  Probe  
  59  4:59  Gateway  
  59  5:02  Gateway  
  59  5:06  Stalker  
  61  5:09  Probe, Pylon  
  62  5:15  Shield Battery  
  62  5:24  Gateway  
  62  5:27  Immortal (Chrono Boost)  
  63  5:32  Stalker  
  70  5:50  Shield Battery, Probe x2 (Chrono Boost)  
  70  5:51  Charge  
  70  5:52  Probe (Chrono Boost)  
  71  6:00  Stalker x2  
  71  6:03  Probe x3 (Chrono Boost)  
  82  6:06  Stalker  
  82  6:10  Probe  
  84  6:15  Gateway  
  85  6:18  Pylon  
  85  6:19  Probe  
  85  6:21  Pylon  
  85  6:25  Stalker x2  
  82  6:28  Pylon, Probe  
  85  6:36  Nexus, Probe x2  
  85  6:37  Stalker  
  87  6:56  Probe  
  87  6:57  Probe  
  87  6:58  Probe  
  87  7:00  Shield Battery  
  90  7:04  Gateway, Sentry, Zealot x2  
  90  7:05  Gateway  
  90  7:07  Gateway  
  96  7:09  Probe x2 (Chrono Boost)  
  96  7:12  Forge  
  96  7:15  Forge, Observer (Chrono Boost)  
  99  7:17  Pylon  
  99  7:20  Pylon  
  99  7:21  Probe x2 (Chrono Boost)  
  99  7:22  Probe (Chrono Boost)  
  102  7:28  Probe x2 (Chrono Boost)  
  106  7:30  Zealot, Observer, Probe (Chrono Boost)  
  106  7:35  Pylon  
  108  7:41  Stalker x4, Pylon  
  116  7:46  Probe x3  
  116  7:47  Shield Battery, Protoss Ground Weapons Level 1 (Chrono Boost)  
  116  7:48  Protoss Ground Armor Level 1 (Chrono Boost), Probe  
  120  7:55  Observer  
  120  7:58  Probe x2  
  123  8:05  Zealot x6  
  133  8:11  Assimilator, Robotics Bay  
  131  8:15  Zealot x2, Warp Prism (Chrono Boost)  
  137  8:26  Pylon  
  137  8:30  Nexus  
  137  8:33  Robotics Facility  
  135  8:35  Photon Cannon  
  135  8:37  Probe x2  
  135  8:38  Probe  
  135  8:39  Zealot  
  135  8:40  Zealot x2  
  143  8:45  Photon Cannon  
  142  8:50  Probe  
  142  8:54  Probe  
  144  8:58  Probe  
  144  9:00  Observer (Chrono Boost)  
  146  9:04  Pylon  
  144  9:12  Colossus (Chrono Boost)  
  144  9:13  Stalker x5  
  144  9:15  Zealot x2  
  158  9:28  Stalker  
  158  9:29  Nexus  
  143  9:31  Observer x3  
  143  9:35  Zealot x3  
  143  9:38  Zealot x4  
  141  9:44  Observer (Chrono Boost)  
  120  9:52  Zealot  
  106  9:56  Zealot x3  
  106  10:01  Stalker  
  106  10:05  Colossus (Chrono Boost)  
  104  10:07  Probe  
  104  10:08  Shield Battery  
  104  10:09  Stalker  
  104  10:11  Zealot  
  108  10:14  Zealot x2  
  112  10:24  Zealot x3, Sentry  
  120  10:29  Gateway  
  120  10:30  Gateway  
  120  10:35  Zealot x4  
  123  10:45  Observer  
  123  10:52  Zealot x4  
  123  10:56  Colossus  
  131  10:57  Zealot x4  
  131  11:00  Pylon  
  139  11:08  Nexus  
  139  11:09  Photon Cannon  
  139  11:10  Observer, Pylon  
  139  11:11  Shield Battery  
  139  11:12  Pylon  
  139  11:14  Stalker x2  
  139  11:18  Assimilator, Probe x2  
  145  11:19  Shield Battery  
  145  11:21  Photon Cannon  
  145  11:22  Pylon  
  145  11:25  Pylon  
  145  11:27  Assimilator  
  145  11:28  Observer  
  145  11:33  Zealot x8  
  145  11:35  Extended Thermal Lance (Chrono Boost)  
  162  11:40  Probe x3  
  162  11:45  Observer  
  162  11:46  Protoss Ground Armor Level 2 (Chrono Boost)  
  164  11:52  Unknown  
  164  11:54  Zealot x3  
  164  11:55  Shield Battery  
  164  11:58  Pylon  
  170  12:03  Shield Battery, Observer  
  170  12:08  Stalker x4  
  170  12:14  Stalker  
  180  12:17  Probe x4  
  180  12:18  Zealot x2  
  180  12:19  Protoss Ground Weapons Level 2 (Chrono Boost)  
  188  12:30  Observer  
  188  12:35  Zealot x3  
  194  12:41  Disruptor (Chrono Boost)  
  194  12:42  Disruptor (Chrono Boost)  
  188  12:51  Probe  
  188  12:52  Probe x3  
  188  12:54  Probe  
  188  12:55  Nexus  
  188  12:57  Photon Cannon  
  193  12:59  Pylon  
  193  13:01  Stalker  
  193  13:04  Pylon  
  195  13:09  Probe  
  195  13:17  Probe  
  197  13:20  Gateway  
  197  13:21  Observer  
  197  13:23  Gateway, Photon Cannon  
  197  13:24  Photon Cannon  
  197  13:25  Pylon  
  197  13:26  Stalker  
  199  13:27  Shield Battery  
  199  13:40  Disruptor (Chrono Boost)  
  197  13:45  Zealot x7  
  197  13:48  Zealot, Protoss Ground Armor Level 3 (Chrono Boost)  
  189  13:55  Zealot x2  
  189  13:56  Disruptor (Chrono Boost)  
  191  14:07  Stalker x3  
  191  14:08  Stalker x3  
  195  14:13  Disruptor (Chrono Boost)  
  195  14:14  Nexus  
  193  14:17  Zealot x3, Pylon  
  193  14:23  Probe  
  200  14:29  Pylon  
  200  14:31  Gateway  
  200  14:33  Pylon  
  200  14:34  Gateway  
  200  14:38  Shield Battery  
  198  14:40  Shield Battery  
  198  14:43  Photon Cannon  
  198  14:44  Photon Cannon  
  198  14:45  Zealot  
  200  14:51  Assimilator  
  198  14:55  Assimilator  
  198  15:05  Disruptor (Chrono Boost)  
  197  15:11  Zealot x2  
  194  15:14  Protoss Ground Weapons Level 3 (Chrono Boost)  
  194  15:18  Observer (Chrono Boost), Photon Cannon  
  190  15:25  Zealot x5  
  200  15:30  Templar Archives  
  200  15:33  Nexus  
  200  15:34  Pylon  
  194  15:50  Zealot x4  
  194  15:54  Zealot x5  
  194  15:56  Stalker x3  
  190  16:02  Zealot x2  
  190  16:04  Psionic Storm  
  160  16:06  Disruptor x2 (Chrono Boost)  
  149  16:11  Stalker  
  149  16:12  Stalker x3  
  149  16:13  Probe x2  
  149  16:14  Probe x2  
  149  16:16  Stalker x5  
  167  16:20  High Templar x3  
  167  16:23  Probe  
  167  16:24  Probe  
  175  16:25  Probe  
  175  16:27  Zealot x2  
  175  16:30  Gateway  
  175  16:32  Gateway  
  162  16:40  Colossus x2 (Chrono Boost)  
  172  16:51  Zealot x8  
  172  16:52  Zealot x2  
  190  16:56  Probe x2  
  190  16:57  Probe  
  190  16:58  Protoss Shields Level 1 (Chrono Boost)  
  190  16:59  Photon Cannon  
  190  17:00  Photon Cannon  
  189  17:02  Photon Cannon  
  189  17:03  Shield Battery  
  189  17:04  Stargate  
  189  17:20  Stalker x5  
  199  17:22  Nexus  
  195  17:32  Archon  
  195  17:34  Stalker x2  
  193  17:41  Observer (Chrono Boost)  
  193  17:47  Observer (Chrono Boost)  
  177  17:54  Observer  
  177  17:55  Stalker x11  
  177  17:56  High Templar x3  
  187  18:05  Zealot x2  
  187  18:16  Archon  
  187  18:19  Disruptor x2 (Chrono Boost)  
  177  18:20  Zealot x6  
  177  18:25  Zealot x7  
  183  18:35  Zealot x3  
  177  18:48  Disruptor x2 (Chrono Boost)  
  159  18:49  Zealot x12  
  159  18:50  Zealot  
  183  18:56  Zealot x3  
  189  19:09  Nexus  
  188  19:11  Pylon  
  188  19:12  Assimilator  
  188  19:19  Stalker x4  
  188  19:23  Nexus  
  194  19:36  Zealot x7  
  198  19:48  Stalker  
  196  19:59  Stalker x4  
  200  20:04  Observer  
  196  20:10  Zealot x7  
  196  20:14  Zealot x3  
  194  20:30  Stalker x3  
  193  20:41  High Templar x6  
  184  20:53  Zealot x5  
  184  20:56  Disruptor  
  194  21:02  Zealot  
  188  21:14  Probe x2  
  188  21:15  Unknown  
  190  21:22  Stalker x2, Zealot x3  
  181  21:48  Zealot x10  
  181  21:49  Zealot x2  
  189  21:59  Shield Battery  
  185  22:05  Pylon  
  171  22:08  Disruptor (Chrono Boost)  
  171  22:14  Observer  
  167  22:19  Stalker x8  
  165  22:28  High Templar  
  165  22:29  High Templar  
  173  22:32  Disruptor (Chrono Boost)  
  173  22:38  Disruptor (Chrono Boost)  
  177  22:46  Observer  
  166  23:07  Observer  
  166  23:09  Stalker x6  
  146  23:21  Archon  
  146  23:22  Zealot x6  
  154  23:32  Zealot x4  
  130  23:36  Zealot  
  106  23:42  Zealot x2  
  106  23:48  High Templar x2  
  112  23:49  Observer  
  112  23:53  Zealot  
  114  24:02  Zealot x3  
  120  24:17  Zealot x4  
  120  24:24  Zealot  
  108  24:35  Archon  
  108  24:36  Zealot x2  
  102  24:49  High Templar x3  
Tags
 
Add a new tag
Caveats
  • Supply blocks, unpowered buildings, or Contaminate may cause inaccurate times.
  • Supply counts are checked every 10 seconds.